 Dungeon Crawl Stone Soup version 0.28-a0-194-g42b4daccc1 (webtiles) character file.

Game seed: 4465299820959519697

60 Spaninq the Bolt Thrower (level 4, -1/27 HPs)
             Began as a Kobold Hunter on Aug 18, 2021.
             Slain by Natasha (6 damage)
             ... on level 1 of the Dungeon.
             The game lasted 00:03:21 (2045 turns).

Spaninq the Bolt Thrower (Kobold Hunter)            Turns: 2045, Time: 00:03:22

Health: -1/27      AC:  3    Str:  8 (10) XL:     4   Next: 25%
Magic:  4/4        EV: 14    Int: 10 (12) God:
Gold:   51         SH:  0    Dex: 13 (15) Spells: 3/3 levels left

rFire   . . .      SeeInvis .   b - +0 short sword
rCold   . . .      Faith    .   (shield restricted)
rNeg    . . .      Spirit   .   c - +0 leather armour
rPois   .          Reflect  .   (no helmet)
rElec   .          Harm     .   (no cloak)
rCorr   .          Rampage  .   (no gloves)
Will    .....                   (no boots)
Stlth   +++.......              (no amulet)
HPRegen 0.09/turn               (no ring)
MPRegen 0.09/turn               (no ring)

@: slowed, very slow
A: small, no large weapons, nightstalker 3
a: no special abilities


You were on level 1 of the Dungeon.
You visited 1 branch of the dungeon, and saw 2 of its levels.

You collected 51 gold pieces.

Inventory:

Hand Weapons
 a - a +1 hand crossbow
 b - a +0 short sword (weapon)
Missiles
 d - 20 bolts
Armour
 c - a +0 leather armour (worn)
 h - a +0 ring mail
 l - a +0 scale mail
Scrolls
 e - 2 scrolls of magic mapping {unknown}
 g - a scroll of immolation {unknown}
 i - a scroll of blinking {unknown}
 k - a scroll of fog {unknown}
 m - a scroll of identify {unknown}
Potions
 f - a potion of might {unknown}
 j - a potion of degeneration


   Skills:
 + Level 2.7 Fighting
 * Level 2.4 Short Blades
 - Level 4.9 Crossbows
 + Level 3.0 Dodging
 * Level 3.2 Stealth


You had 3 spell levels left.
You didn't know any spells.
Your spell library contained the following spells:

 Spells                   Type           Power      Damage    Failure   Level
 Foxfire                  Conj/Fire      0%         2x1d4     50%         1
 Static Discharge         Conj/Air       0%         N/A       63%         2
 Conjure Flame            Conj/Fire      0%         6-21      86%         3
 Inner Flame              Hex/Fire       0%         N/A       86%         3
 Lightning Bolt           Conj/Air       0%         1d11      100%        5
 Maxwell's Capacitive Co  Air            0%         ∞         100%        8


Dungeon Overview and Level Annotations

Branches:
Dungeon (2/15)

Altars:

Annotations:
D:1 Natasha


Innate Abilities, Weirdness & Mutations

You are small and have problems with some larger weapons.
You are completely attuned to the shadows.


Message History

You climb downwards.
Level annotation: Natasha Natasha casts a spell at you.
The magic dart hits you!
Natasha mumbles some strange words.
You feel disoriented. Natasha casts a spell at you.
You resist with some effort.
There is a stone staircase leading up here.
You climb upwards.
There is a stone staircase leading down here.
You start resting.
HP restored.
You climb downwards.
Level annotation: Natasha Natasha mumbles some strange words.
There is a stone staircase leading up here.
You hit Natasha.
Natasha is lightly wounded.
Natasha misses you.
You closely miss Natasha.
Natasha is lightly wounded.
Natasha stares at you and mumbles some strange words.
You feel yourself slow down.
You hit Natasha but do no damage.
Natasha is lightly wounded.
Natasha claws you! Natasha claws you.
The shadow imp laughs crazily.
Natasha claws you.
* * * LOW HITPOINT WARNING * * *
You climb upwards.
The shadow imp disappears in a puff of smoke!
There is a stone staircase leading down here.
Natasha closely misses you. Natasha claws you.
* * * LOW HITPOINT WARNING * * *
It was a potion of degeneration.
There was something very wrong with that liquid.
You feel weakened.
You feel dopey.
You feel clumsy. Natasha closely misses you. Natasha claws you.
You die...

## ##.#.......# #####
.# #..........###...#
.####.#>............#
......#.#....####...#
..#####.#....# ##.##
>.# #......# #.# ..#
########## #.#
..###.......######.###
............##>h@....#
#.##........##.##.##.#
............##.##.##.#
.###........##....##.#
.###...[....##..####.#
............##.......#
.##############.######
...##### #####.#
.#.#...## #.....#


You could see Natasha.

Vanquished Creatures
  Natasha (D:2)
  A dart slug (D:2)
  5 endoplasms
  2 goblins
  6 hobgoblins
  A quokka (D:1)
  3 ball pythons
  6 bats
  4 frilled lizards
  A jackal skeleton (D:2)
  4 rats (D:1)
34 creatures vanquished.

Notes
Turn   | Place    | Note
-------+----------+-------------------------------------------
     0 | D:1      | Spaninq the Kobold Hunter began the quest for the Orb.
     0 | D:1      | Reached XP level 1. HP: 12/12 MP: 1/1
   456 | D:1      | Reached XP level 2. HP: 18/18 MP: 2/2
   519 | D:1      | Reached skill level 1 in Short Blades
   795 | D:1      | Reached XP level 3. HP: 21/22 MP: 3/3
  1641 | D:2      | Noticed Natasha
  1651 | D:2      | Killed Natasha
  1652 | D:2      | Reached XP level 4. HP: 19/27 MP: 4/4
  1675 | D:2      | Noticed Natasha
  1786 | D:2      | Found a faded altar of an unknown god.
  2045 | D:1      | Slain by Natasha

Illustrated notes

Levels and vault maps discovered:
D:1:      kilobyte_arrival_exit_the_forest, layout_loops_cross
D:2:      layout_loops_ring, dreamdust_ecumenical_altar_angels_and_demons,
          uniq_natasha

Skill      XL: |  1  2  3  4 |
---------------+-------------+-----
Stealth        | 2 3 |  3.2
Short Blades   | 1 2 |  2.4
Dodging        | 3 |  3.0
Fighting       | |  2.7
Crossbows      | |  4.9

Action                   |  1- 3 |  4- 6 || total
-------------------------+-------+-------++-------
Melee: Short sword       |    70 |     9 ||    79
  Use: Potion            |       |     1 ||     1
 Stab: Sleeping          |    20 |     2 ||    22
Armor: Leather armour    |     9 |     1 ||    10
Dodge: Dodged            |    35 |     9 ||    44

Table legend: (Time is in decaauts)
 A = Elapsed time spent in this place.
 B = Non-inter-level travel time spent in this place.
 C = Inter-level travel time spent in this place.
 D = Time resting spent in this place.
 E = Time spent auto-exploring this place.
 F = Levels seen in this place.
 G = Mean time per level.
                   A        B        C        D        E       F      G
               +--------+--------+--------+--------+--------+-----+--------+
         Total |   2065 |   2024 |     41 |    571 |   1164 |   2 | 1032.5 |
       Dungeon |   2065 |   2024 |     41 |    571 |   1164 |   2 | 1032.5 |
               +--------+--------+--------+--------+--------+-----+--------+

Top non-repeatable levels by time:
     D:1: 1563 daAuts
     D:2: 501 daAuts
